 Dungeon Crawl Stone Soup version 0.24.0-13-gcf9b3192b9 (webtiles) character file.

Game seed: 3275260073522878212, levelgen mode: deterministic

2277 Aviak the Transmogrifier (level 9, 0/74 HPs)
             Began as a Naga Transmuter on Nov 8, 2019.
             Was a Priest of Cheibriados.
             Slain by a crocodile (17 damage)
             ... on level 7 of the Dungeon.
             The game lasted 00:13:02 (7290 turns).

Aviak the Transmogrifier (Naga Transmuter)          Turns: 7290, Time: 00:13:03

Health: 0/74       AC:  9    Str: 19    XL:     9   Next: 39%
Magic:  13/16      EV: 11    Int: 24    God:    Cheibriados [***...]
Gold:   324        SH:  0    Dex: 19    Spells: 3/18 levels left

rFire    . . .     SeeInvis +     - Unarmed
rCold    . . .     Gourm    .   (no shield)
rNeg     . . .     Faith    .   b - +0 robe
rPois    +         Spirit   .   E - +1 hat {SInv}
rElec    .         Reflect  .   (no cloak)
rCorr    .         Harm     .   (no gloves)
MR       +....                  (no barding)
Stlth    +++.......             (no amulet)
HPRegen  0.22/turn              e - ring of stealth
MPRegen  0.15/turn              A - +4 ring of protection

@: very slow
A: large, see invisible, deformed body, poison resistance, slowness 2, slow
metabolism 1, spit poison 1, AC +3
a: Spit Poison, Bend Time, Temporal Distortion, Renounce Religion


You were on level 7 of the Dungeon.
You worshipped Cheibriados.
Cheibriados was most pleased with you.
You were not hungry.

You visited 2 branches of the dungeon, and saw 8 of its levels.

You collected 324 gold pieces.

Inventory:

Missiles
 a - 166 arrows
Armour
 b - a +0 robe (worn)
 y - the +2 leather armour of Time Monsters {*Corrode rElec MR+ SInv}
   (You found it on level 6 of the Dungeon)

   It insulates you from electricity.
   It affects your resistance to hostile enchantments.
   It lets you see invisible.
   It may corrode you when you take damage.
 E - a +1 hat of see invisible (worn)
Jewellery
 e - a ring of stealth (left hand)
 l - an uncursed ring of fire
 t - an uncursed amulet of faith {!P}
 A - a +4 ring of protection (right hand)
 B - an uncursed ring of wizardry {unknown}
Wands
 n - a wand of paralysis (4)
 v - a wand of polymorph (6)
 D - a wand of iceblast (8)
Scrolls
 c - 2 scrolls of teleportation {unknown}
 i - 8 scrolls of identify
 j - a scroll of fog {unknown}
 k - 2 scrolls of enchant weapon {unknown}
 o - a scroll of immolation {unknown}
 p - a scroll of enchant armour {unknown}
 r - 4 scrolls of remove curse
 s - 2 scrolls of magic mapping {unknown}
 x - a scroll of blinking
Potions
 f - a potion of haste
 g - 4 potions of lignification {!q}
 h - 2 potions of heal wounds
 m - a potion of brilliance {unknown}
 q - a potion of mutation {unknown}
 u - a potion of berserk rage {unknown}
 w - a potion of magic {unknown}
 z - a potion of cancellation {unknown}
 C - 2 potions of degeneration {unknown}
Comestibles
 d - 11 rations
 F - 5 chunks of flesh


   Skills:
 + Level 2.7 Fighting
 + Level 2.0 Dodging
 + Level 4.2 Unarmed Combat
 - Level 5.0 Spellcasting
 - Level 10.0 Transmutations
 - Level 3.0 Poison Magic
 + Level 1.2 Invocations


You had 3 spell levels left.
You knew the following spells:

 Your Spells              Type           Power        Failure   Level  Hunger
a - Beastly Appendage     Tmut           ######       1%          1    None
b - Sticks to Snakes      Tmut           ######..     1%          2    None
c - Spider Form           Tmut/Pois      #####.....   1%          3    ##.....
d - Ice Form              Ice/Tmut       ####....     11%         4    ####...
e - Blade Hands           Tmut           ######....   4%          5    #####..

Your spell library contained the following spells:

 Spells                   Type           Power        Failure   Level  Hunger
 Confusing Touch          Hex            #.....       9%          1    None
 Confuse                  Hex            #.......     26%         3    ##.....
 Gell's Gravitas          Tloc           #.........   26%         3    ##.....
 Petrify                  Tmut/Erth      ####....     11%         4    ####...
 Yara's Violent Unravell  Hex/Tmut       ####......   30%         5    #####..
 Metabolic Englaciation   Hex/Ice        #.........   94%         5    #####..


Dungeon Overview and Level Annotations

Branches:
Dungeon (7/15)             Temple (1/1) D:4

Altars:
Ashenzari
Cheibriados
Dithmenos
Elyvilon
Fedhas
Gozag
Hepliaklqana
Kikubaaqudgha
Makhleb
Nemelex Xobeh
Okawaru
Qazlal
Ru
Sif Muna
Trog
Uskayaw
Vehumet
Wu Jian
Xom
Yredelemnul
Zin
The Shining One


Innate Abilities, Weirdness & Mutations

You cannot wear boots.
Your serpentine skin is tough. (AC +3)
You have supernaturally acute eyesight. (SInv)
Armour fits poorly on your strangely shaped body.
Your system is resistant to poisons. (rPois)
You cover ground very slowly.
You have a slow metabolism.
You can spit poison.


Message History

You kill the adder!
Cheibriados appreciates the change of pace.
Your Dodging skill increases to level 2!
The crocodile barely misses you.
You hit the crocodile.
The crocodile is lightly wounded.
The worker ant misses you. The crocodile bites you!
You slash the crocodile!
The crocodile is severely wounded.
Your hands revert to their normal proportions.
The worker ant closely misses you. The crocodile bites you!
The flow of time bends around you.
Cheibriados rebukes the worker ant.
The worker ant seems to slow down.
Cheibriados rebukes the crocodile.
The crocodile seems to slow down.
You feel slightly more hungry. The worker ant bites you.
* * * LOW HITPOINT WARNING * * *
The crocodile bites you!
You die...

# .#.# . #.
.#.#
..#.####.#.###
.............
##.)).../..#
...........# #
#.$....t..# #
#.....@a..# #
#.........# #
#.........# #
########### #
# # # .. #.#


You could see a crocodile and a worker ant.

Vanquished Creatures
  Menkaure (D:4)
  An ice beast (D:5)
  A black bear (D:6)
  4 ogres (D:5)
  4 centaurs
  Blork the orc (D:4)
  3 bullfrogs
  A scorpion (D:4)
  A howler monkey (D:5)
  2 crimson imps (D:7)
  An orc priest (D:4)
  2 centaur skeletons (D:7)
  7 hounds
  A bullfrog skeleton (D:4)
  A jelly (D:6)
  4 orc wizards
  3 iguanas
  Ijyb (D:4)
  2 worker ants (D:4)
  A hound skeleton (D:7)
  A mummy (D:6)
  A worker ant zombie (D:3)
  Robin (D:2)
  6 adders
  3 adder skeletons (D:4)
  3 dart slugs
  2 leopard geckos
  27 orcs
  A giant cockroach (D:5)
  10 goblins
  4 hobgoblins
  12 jackals
  2 quokkas
  2 ball pythons
  7 bats
  3 frilled lizards
  8 kobolds
  2 kobold zombies (D:6)
  2 orc zombies (D:6)
  4 rats
143 creatures vanquished.

Vanquished Creatures (collateral kills)
  An orc warrior (D:7)
  An ogre (D:3)
  A jelly (D:7)
  A bullfrog skeleton (D:7)
  A shadow imp (D:7)
  An adder zombie (D:5)
  A worm (D:3)
  2 orcs
  2 goblins (D:2)
  4 hobgoblins
  A jackal (D:7)
  A kobold (D:3)
17 creatures vanquished.

Grand Total: 160 creatures vanquished

Notes
Turn   | Place    | Note
-------+----------+-------------------------------------------
     0 | D:1      | Aviak the Naga Transmuter began the quest for the Orb.
     0 | D:1      | Reached XP level 1. HP: 18/18 MP: 3/3
   418 | D:1      | Reached XP level 2. HP: 18/25 MP: 3/5
   422 | D:1      | Learned a level 2 spell: Sticks to Snakes
   917 | D:2      | Noticed Robin
   941 | D:2      | Killed Robin
   941 | D:2      | Reached XP level 3. HP: 9/31 MP: 1/6
  1842 | D:2      | Reached XP level 4. HP: 31/39 MP: 5/7
  2109 | D:3      | Noticed an ogre
  2124 | D:3      | Killed an ogre
  2124 | D:3      | Reached skill level 3 in Transmutations
  2124 | D:3      | Reached XP level 5. HP: 42/46 MP: 2/9
  2129 | D:3      | Learned a level 3 spell: Spider Form
  3393 | D:4      | Noticed Menkaure
  3408 | D:4      | Killed Menkaure
  3408 | D:4      | Reached XP level 6. HP: 33/54 MP: 1/12
  3656 | D:4      | Noticed Ijyb
  3984 | D:4      | Reached skill level 1 in Poison Magic
  3995 | D:4      | HP: 1/54 [scorpion (4)]
  3998 | D:4      | Reached skill level 5 in Spellcasting
  3998 | D:4      | Reached XP level 7. HP: 28/61 MP: 12/14
  4074 | D:4      | Killed Ijyb
  4160 | D:4      | Noticed Blork the orc
  4171 | D:4      | Killed Blork the orc
  4212 | D:4      | Reached skill level 4 in Transmutations
  4492 | D:4      | Found a staircase to the Ecumenical Temple.
  4510 | Temple   | Entered the Ecumenical Temple
  4572 | Temple   | Learned a level 4 spell: Ice Form
  4578 | Temple   | Learned a level 5 spell: Blade Hands
  4578 | Temple   | Became a worshipper of Cheibriados the Contemplative
  4699 | D:5      | Entered Level 5 of the Dungeon
  4877 | D:5      | Reached skill level 5 in Transmutations
  4984 | D:5      | Reached * piety under Cheibriados
  5092 | D:5      | Reached skill level 6 in Transmutations
  5092 | D:5      | Reached XP level 8. HP: 29/68 MP: 12/15
  5296 | D:5      | Reached skill level 7 in Transmutations
  5942 | D:6      | Reached skill level 8 in Transmutations
  6070 | D:6      | Reached ** piety under Cheibriados
  6189 | D:6      | Reached skill level 9 in Transmutations
  6189 | D:6      | Reached XP level 9. HP: 59/74 MP: 13/16
  6211 | D:6      | Got a heavily runed leather armour
  6222 | D:6      | Identified the +2 leather armour of Time Monsters {*Corrode
                  | rElec MR+ SInv} (You found it on level 6 of the Dungeon)
  6482 | D:6      | Found a shattered altar of Ashenzari.
  7002 | D:7      | Reached *** piety under Cheibriados
  7006 | D:7      | Reached skill level 10 in Transmutations
  7247 | D:7      | Found a white marble altar of Elyvilon.
  7253 | D:7      | Reached skill level 1 in Invocations
  7290 | D:7      | Slain by a crocodile

Levels and vault maps discovered:
D:1:      matt_arrival_los_fun, layout_rooms
D:2:      layout_loops_ring, uniq_robin
D:3:      corexii_shack_village, layout_loops_corners
D:4:      layout_rooms, minmay_temple_entry_proselytizer, first_ration,
          uniq_menkaure, uniq_ijyb, uniq_blork_the_orc
D:5:      layout_loops_ring, hangedman_decor_growths
D:6:      layout_loops_ring, basic_altar, roderic_roman_lattice,
          minmay_mini_ossuary
D:7:      layout_basic, elyvilon_altar_5, minmay_bent
Temple:   dpeg_three_leaves_temple

Skill      XL: |  1  2  3  4  5  6  7  8  9 |
---------------+----------------------------+-----
Fighting       | 2 |  2.7
Transmutations | 3 6 9 10 | 10.0
Spellcasting   | 4 5 |  5.0
Unarmed Combat | 4 |  4.2
Poison Magic   | 1 3 |  3.0
Invocations    | 1 |  1.2
Dodging        | 2 |  2.0

Action                   |  1- 3 |  4- 6 |  7- 9 || total
-------------------------+-------+-------+-------++-------
Melee: Unarmed           |   118 |   179 |   308 ||   605
       Headbutt          |     8 |     9 |     5 ||    22
       Punch             |     2 |     1 |     4 ||     7
 Cast: Beastly Appendage |     9 |     8 |     5 ||    22
       Sticks to Snakes  |     1 |     9 |     6 ||    16
       Spider Form       |       |     2 |    15 ||    17
       Blade Hands       |       |       |     6 ||     6
Invok: Bend Time         |       |       |     1 ||     1
 Abil: Spit Poison       |     4 |     4 |     7 ||    15
  Use: Scroll            |       |     3 |       ||     3
       Potion            |       |     4 |       ||     4
 Stab: Distracted        |       |     1 |     2 ||     3
       Sleeping          |       |     1 |     5 ||     6
  Eat: Chunk             |     2 |     7 |    11 ||    20
Armor: Robe              |    25 |    24 |    77 ||   126
       Skin              |       |    17 |    16 ||    33
Dodge: Dodged            |    76 |    88 |   207 ||   371
